 Dungeon Crawl Stone Soup version 0.22-a0-284-g99d1f74 (webtiles) character file.

60 MatthieuS the Insei (level 4, -9/35 HPs)
             Began as a Human Monk on Mar 22, 2018.
             Mangled by a gnoll
             ... wielding a +0 whip
              (11 damage)
             ... on level 1 of the Dungeon.
             The game lasted 00:03:35 (1525 turns).

MatthieuS the Insei (Human Monk)                    Turns: 1525, Time: 00:03:36

Health: -9/35      AC:  3    Str: 13    XL:     4   Next: 25%
Magic:  4/4        EV: 13    Int: 10    God:
Gold:   45         SH:  0    Dex: 15    Spells: 3/3 levels left

rFire    . . .     SeeInvis .     - Unarmed
rCold    . . .     Gourm    .   (no shield)
rNeg     . . .     Faith    .   i - +0 leather armour
rPois    .         Spirit   .   (no helmet)
rElec    .         Reflect  .   (no cloak)
rCorr    .         Harm     .   (no gloves)
MR       .....                  (no boots)
Stlth    ++........             (no amulet)
HPRegen  0.11/turn              (no ring)
MPRegen  0.09/turn              (no ring)

@: no status effects
A: no striking features
a: no special abilities


You were on level 1 of the Dungeon.
You were not hungry.

You visited 1 branch of the dungeon, and saw 2 of its levels.

You collected 45 gold pieces.

Inventory:

Armour
 i - a +0 leather armour (worn)
   (You found it on level 1 of the Dungeon)
Scrolls
 b - 2 scrolls of remove curse {unknown}
 c - 2 scrolls of identify {unknown}
 d - a scroll of random uselessness {unknown}
 g - a scroll of enchant weapon {unknown}
 h - 2 scrolls of enchant armour {unknown}
 j - 2 scrolls of amnesia {unknown}
Potions
 a - a potion of curing {@q1}
Comestibles
 e - 3 rations


   Skills:
 + Level 3.4 Fighting
 + Level 1.2 Armour
 + Level 3.4 Dodging
 - Level 2.0 Stealth
 * Level 3.8 Unarmed Combat


You had 3 spell levels left.
You didn't know any spells.

Dungeon Overview and Level Annotations

Branches:
Dungeon (2/15)

Altars:


Message History

Items here: ( )) ÷ a spear; a short sword; 2 stones; a kobold skeleton You hit the bat.
You kill the bat!
The gnoll misses you.
You see here a bat corpse.
You hit the gnoll. The gnoll barely misses you.
You hit the gnoll. You hit the gnoll. The gnoll hits you with a halberd!
You closely miss the gnoll. The gnoll closely misses you.
You closely miss the gnoll. The gnoll barely misses you.
You barely miss the gnoll. You closely miss the gnoll.
The gnoll hits you with a halberd. The gnoll barely misses you.
You barely miss the gnoll. The gnoll hits you with a halberd.
The gnoll hits you with a whip!
* * * LOW HITPOINT WARNING * * *
You hit the gnoll but do no damage. The gnoll hits you with a halberd.
* * * LOW HITPOINT WARNING * * *
The gnoll hits you with a whip.
* * * LOW HITPOINT WARNING * * *
You hit the gnoll.
You kill the gnoll!
The gnoll closely misses you.
Unknown command.
Items here: ( )) ÷ a spear; a short sword; 2 stones; a kobold skeleton You see here a stone.
You see here a stone.
You see here a stone.
You see here a stone.
You see here a stone.
You see here a stone.
You see here a stone.
You see here a stone.
You see here a stone.
You see here a stone.
You see here a stone.
You see here a stone.
A frilled lizard comes into view.
The frilled lizard hisses angrily.
You see here a stone.
There is a stone staircase leading up here.
The gnoll hits you but does no damage.
You climb upwards.
There is a stone staircase leading down here.
You hit the gnoll. The gnoll hits you with a whip!
* * * LOW HITPOINT WARNING * * *
You closely miss the gnoll. The gnoll hits you with a whip!
You die...

.#.....##.#######.#
(#####.##.).......#
## #.##########.#
######.#..........#
.......#.##########
########.#####
####.........#
...#.....###.#####
...............g@#
.#.#.....#########
.#.####### ######
##...### #....#
###...#####.##.# #
#.......#....# #
#....#.......# #
#.##.#..####.# #
#....#..#....#


You could see a gnoll.

Vanquished Creatures
  An adder (D:2)
  2 gnolls (D:2)
  3 dart slugs (D:1)
  A leopard gecko (D:1)
  A goblin (D:1)
  2 hobgoblins
  3 jackals (D:1)
  7 kobolds
  4 bats
  A frilled lizard (D:1)
  4 rats (D:1)
29 creatures vanquished.

Notes
Turn   | Place    | Note
-------+----------+-------------------------------------------
     0 | D:1      | MatthieuS the Human Monk began the quest for the Orb.
     0 | D:1      | Reached XP level 1. HP: 18/18 MP: 1/1
    70 | D:1      | Reached XP level 2. HP: 24/24 MP: 2/2
   634 | D:1      | Reached XP level 3. HP: 29/29 MP: 3/3
   732 | D:1      | Reached skill level 1 in Armour
  1190 | D:2      | Reached XP level 4. HP: 8/35 MP: 4/4
  1525 | D:1      | Mangled by a gnoll

Vault maps used:
D:1:      elethiomel_arrival_quiet, minmay_misc_feat_enclosed,
          minmay_misc_feat_iff
D:2:      grunt_ministairs_5, uniq_natasha, uniq_sigmund

Skill      XL: |  1  2  3 |
---------------+----------+-----
Armour         | 1 |  1.2
Fighting       | |  3.4
Dodging        | |  3.4
Stealth        | |  2.0
Unarmed Combat | |  3.8

Action                   |  1- 3 |  4- 6 || total
-------------------------+-------+-------++-------
Melee: Unarmed           |   112 |    16 ||   128
       Punch             |     1 |       ||     1
  Use: Potion            |     2 |       ||     2
 Stab: Sleeping          |     3 |       ||     3
  Eat: Chunk             |       |     2 ||     2
Armor: Robe              |     3 |       ||     3
       Leather armour    |    14 |     2 ||    16
Dodge: Dodged            |    73 |     9 ||    82

Table legend:
 A = Spawn XP
 B = Non-spawn XP
 C = Spawn XP percentage of total XP
 D = Spawn monster count
 E = Non-spawn monster count
 F = Spawn count percentage of total count
 G = Total turns spent on level
                    A         B        C        D         E        F      G
               +---------+---------+-------+---------+---------+-------+---------
         Total |       0 |      87 |   0.0 |       0 |      29 |   0.0 |  1525
               +---------+---------+-------+---------+---------+-------+---------
           D:1 |       0 |      42 |   0.0 |       0 |      23 |   0.0 |   796
           D:2 |       0 |      45 |   0.0 |       0 |       6 |   0.0 |   729
               +---------+---------+-------+---------+---------+-------+---------
